 Dungeon Crawl Stone Soup version 0.24-a0-639-gb70a11d811 (webtiles) character file.

Game seed: 13114488934772769608, levelgen mode: deterministic

16198 njord12 the Geomancer (level 12, -1/72 HPs)
             Began as a Gargoyle Earth Elementalist on Sept 22, 2019.
             Was a Priest of Vehumet.
             Slain by an eight-headed hydra (7 damage)
             ... on level 1 of the Lair of Beasts.
             The game lasted 01:52:50 (17315 turns).

njord12 the Geomancer (GrEE)                       Turns: 17315, Time: 01:52:51

Health: -1/72      AC: 21    Str: 12    XL:     12   Next: 35%
Magic:  2/23       EV: 11    Int: 21    God:    Vehumet [***...]
Gold:   584        SH:  0    Dex: 10    Spells: 15/25 levels left

rFire    . . .     SeeInvis .   a - +3 flail (freeze)
rCold    + . .     Gourm    .   (no shield)
rNeg     + . .     Faith    .   G - +1 scale mail
rPois    ∞         Spirit   .   I - +0 helmet
rElec    +         Reflect  .   t - +0 cloak
rCorr    .         Harm     .   (no gloves)
MR       .....                  F - +0 pair of boots
Stlth    ..........             D - amulet of regeneration
HPRegen  0.62/turn              m - ring of protection from cold
MPRegen  0.18/turn              q - ring of wizardry

@: no status effects
A: negative energy resistance 1, electricity resistance, unbreathing,
petrification resistance, rot immunity, AC +8
a: Renounce Religion


You were on level 1 of the Lair of Beasts.
You worshipped Vehumet.
Vehumet was most pleased with you.
You were hungry.

You visited 3 branches of the dungeon, and saw 12 of its levels.
You also visited: Sewer.

You collected 584 gold pieces.

Inventory:

Hand Weapons
 a - a +3 flail of freezing (weapon)
 b - a +2 hunting sling of flaming
 B - a +2 flail of holy wrath
 J - a +0 dire flail
 U - a +2 mace of venom
Missiles
 n - 83 sling bullets
 E - 86 stones (quivered)
 V - 3 curare-tipped darts
Armour
 t - a +0 cloak (worn)
 F - a +0 pair of boots (worn)
 G - a +1 scale mail (worn)
 I - a +0 helmet (worn)
 K - a +0 shield
 T - a +0 robe
Magical Staves
 c - an uncursed staff of wizardry
 s - an uncursed staff of fire
Jewellery
 m - a ring of protection from cold (left hand)
 q - a ring of wizardry (right hand)
 A - an uncursed ring of fire
 D - an amulet of regeneration (around neck)
 S - an uncursed ring of flight
Wands
 e - a wand of flame (6)
 z - a wand of digging (9)
Scrolls
 f - a scroll of enchant armour
 g - 3 scrolls of blinking
 h - 2 scrolls of teleportation
 i - 2 scrolls of summoning {unknown}
 j - a scroll of enchant weapon {unknown}
 p - 6 scrolls of remove curse
 H - 4 scrolls of fog
 R - 2 scrolls of identify
Potions
 k - 2 potions of haste {unknown}
 r - 5 potions of flight
 u - 7 potions of curing
Miscellaneous
 d - a sack of spiders
Comestibles
 L - 11 rations


   Skills:
 + Level 7.0 Fighting
 + Level 6.4 Maces & Flails
 + Level 7.0 Armour
 + Level 5.8 Dodging
 - Level 2.3 Stealth
 + Level 5.0 Shields
 + Level 7.3 Spellcasting
 - Level 7.6 Conjurations
   Level 0.7 Transmutations
 + Level 2.9 Fire Magic
 + Level 9.8 Earth Magic
 + Level 4.4 Evocations


You had 15 spell levels left.
You knew the following spells:

 Your Spells              Type           Power        Failure   Level  Hunger
a - Sandblast             Erth           #####.       1%          1    None
b - Stone Arrow           Conj/Erth      #####.       1%          3    None
c - Lee's Rapid Deconstr  Erth           #####.....   2%          5    #####..
d - Flame Tongue          Conj/Fire      ####.        1%          1    None

Your spell library contained the following spells:

 Spells                   Type           Power        Failure   Level  Hunger
 Throw Frost              Conj/Ice       ###...       1%          2    None
 Passwall                 Tmut/Erth      ####....     2%          2    None
 Beastly Appendage        Tmut           ##....       11%         1    None
 Confusing Touch          Hex            #.....       14%         1    None
 Sticks to Snakes         Tmut           ##......     16%         2    None
 Petrify                  Tmut/Erth      ####....     16%         4    ###....
 Spider Form              Tmut/Pois      #.........   34%         3    None
 Confuse                  Hex            #.......     38%         3    None
 Gell's Gravitas          Tloc           #.........   38%         3    None
 Yara's Violent Unravell  Hex/Tmut       #.........   58%         5    #####..
 Ice Form                 Ice/Tmut       #.......     73%         4    ###....
 Cause Fear               Hex            #.........   77%         4    ###....
 Blade Hands              Tmut           ##........   95%         5    #####..
 Metabolic Englaciation   Hex/Ice        #.........   98%         5    #####..
 Silence                  Hex/Air        #.........   98%         5    #####..
 Deflect Missiles         Chrm/Air       #.........   100%        6    ######.
 Discord                  Hex            #.........   100%        8    #######


Dungeon Overview and Level Annotations

Branches:
Dungeon (10/15)            Temple (1/1) D:7            Lair (1/6) D:10
    Orc (0/2) D:10          Sewer (visited)

Altars:
Ashenzari
Cheibriados
Dithmenos
Elyvilon
Fedhas
Gozag
Hepliaklqana
Kikubaaqudgha
Makhleb
Nemelex Xobeh
Okawaru
Qazlal
Ru
Sif Muna
Trog
Uskayaw
Vehumet
Wu Jian
Xom
Yredelemnul
Zin
The Shining One

Annotations:
D:2 1 runed translucent door, Crazy Yiuf
D:6 exclusion: downstairs
Lair:1 exclusion: 2 oklob plants


Innate Abilities, Weirdness & Mutations

You are resistant to torment.
Your stone body is resilient. (AC +8)
You are immune to poison.
You resist negative energy. (rN+)
You are resistant to electric shocks. (rElec)
You can survive without breathing.
You are immune to petrification.
You are immune to rotting.


Message History

The spiny frog stings you!
* * * LOW HITPOINT WARNING * * *
The eight-headed hydra bites you but does no damage. x2
The eight-headed hydra barely misses you.
The eight-headed hydra bites you but does no damage.
The eight-headed hydra bites you.
* * * LOW HITPOINT WARNING * * *
The eight-headed hydra bites you but does no damage.
The eight-headed hydra bites you.
* * * LOW HITPOINT WARNING * * *
The eight-headed hydra bites you but does no damage.
You feel better. The spiny frog stings you!
* * * LOW HITPOINT WARNING * * *
The eight-headed hydra closely misses you.
The eight-headed hydra bites you but does no damage.
The eight-headed hydra misses you.
The eight-headed hydra bites you but does no damage.
The eight-headed hydra barely misses you.
The eight-headed hydra bites you!
You die...

#### #.(..## ### #..#
##..P..### ###.##
#..######.######.###....# #
##...##.#..# #.......## #
###..........# ##......##
###.....#..##..#####.......#
......###..###..#.#.....##.##
#...### #[.##.#........####.#
##..# #..#####@......# ####
#P..# #..# #DF....## #.#
##...# ...# ##.....# ##.#
#..#.. .... ##....# ###.##
....≈.> #.#....###...#
#..≈≈.≈ #............#
≈.......#...#.#.##
≈....####..###...# ....#
##.####..##


You could see an eight-headed hydra and a spiny frog.

Vanquished Creatures
  Erolcha (D:10)
  A two-headed ogre (D:9)
  Sonja (D:10)
  Pikel (D:8)
  An ugly thing (D:9)
  A black mamba (Lair:1)
  A spiny frog (Lair:1)
  Joseph (D:7)
  A centaur skeleton (D:10)
  A komodo dragon (Lair:1)
  4 hippogriffs
  A wraith (D:10)
  Sigmund (D:4)
  A wyvern (D:8)
  A human (D:7)
  4 hogs
  A basilisk (D:10)
  2 steam dragons
  27 yaks
  Edmund (D:5)
  Duvessa (D:4)
  A water moccasin (D:6)
  5 porcupines
  4 ice beasts
  5 orc warriors
  A slave (D:8)
  A phantom (D:6)
  2 sky beasts
  A hornet zombie (D:10)
  3 ogres
  4 centaurs
  4 big kobolds
  3 crocodiles
  9 bullfrogs
  A wyvern skeleton (D:9)
  2 scorpions
  Dowan (D:4)
  5 wights (D:10)
  5 killer bees (D:8)
  2 howler monkeys (D:10)
  A vampire bat (D:8)
  4 crimson imps
  2 bullfrog zombies
  2 jellies
  A quasit (D:7)
  5 hounds
  6 orc priests
  2 bullfrog skeletons
  11 orc wizards
  2 iguanas
  10 worker ants
  A gnoll (D:6)
  7 adders
  3 shadow imps
  2 oozes
  An adder zombie (D:7)
  4 worms
  2 dart slugs
  7 leopard geckos
  32 orcs
  27 bats
  3 bat zombies (D:5)
  2 giant cockroaches
  8 goblins
  9 hobgoblins
  14 jackals
  7 quokkas
  5 ball pythons
  7 frilled lizards
  A giant cockroach zombie (D:5)
  21 kobolds
  A leopard gecko skeleton (D:9)
  4 rats
  A rat zombie (D:5)
328 creatures vanquished.

Vanquished Creatures (others)
  A slave (D:9)
  An orc (D:10)
  4 bushes (D:10)
  4 fungi (D:10)
  10 plants
20 creatures vanquished.

Grand Total: 348 creatures vanquished

Notes
Turn   | Place    | Note
-------+----------+-------------------------------------------
     0 | D:1      | njord12 the Gargoyle Earth Elementalist began the quest for
                  | the Orb.
     0 | D:1      | Reached XP level 1. HP: 10/10 MP: 3/3
   360 | D:1      | Reached XP level 2. HP: 15/15 MP: 3/5
   367 | D:1      | Reached skill level 4 in Earth Magic
  1017 | D:2      | Reached XP level 3. HP: 19/19 MP: 4/6
  1062 | D:2      | Found a shadowy altar of Dithmenos.
  1419 | D:2      | Reached XP level 4. HP: 24/24 MP: 5/8
  1424 | D:2      | Learned a level 3 spell: Stone Arrow
  1571 | D:2      | Found a runed translucent door.
  1572 | D:2      | Noticed Crazy Yiuf
  1651 | D:2      | Reached skill level 5 in Earth Magic
  1776 | D:2      | Reached skill level 1 in Conjurations
  1776 | D:2      | Reached XP level 5. HP: 27/28 MP: 5/10
  2584 | D:3      | Found a sparkling altar of Nemelex Xobeh.
  2622 | D:3      | Found a shimmering altar of Xom.
  3512 | D:4      | Reached XP level 6. HP: 26/32 MP: 5/11
  3624 | D:4      | Found a glowing drain.
  3638 | D:4      | Reached skill level 6 in Earth Magic
  3767 | Sewer    | Entered a sewer
  3875 | Sewer    | Reached XP level 7. HP: 30/37 MP: 6/13
  3961 | Sewer    | Reached skill level 1 in Fighting
  4021 | Sewer    | Reached skill level 1 in Maces & Flails
  4021 | Sewer    | Reached skill level 1 in Armour
  4535 | D:4      | Learned a level 5 spell: Lee's Rapid Deconstruction
  4851 | D:4      | Noticed Dowan
  5279 | D:4      | Noticed Sigmund
  5386 | D:5      | Entered Level 5 of the Dungeon
  5672 | D:5      | Reached XP level 8. HP: 34/44 MP: 10/14
  5830 | D:5      | Noticed Edmund
  5842 | D:5      | Killed Edmund
  5879 | D:5      | Reached skill level 1 in Evocations
  6551 | D:5      | Found an ancient bone altar of Kikubaaqudgha.
  6816 | D:6      | Reached skill level 7 in Earth Magic
  7025 | D:6      | Reached skill level 5 in Spellcasting
  7261 | D:6      | Reached XP level 9. HP: 51/51 MP: 8/16
  7431 | D:6      | Found a glowing golden altar of the Shining One.
  7556 | D:6      | Reached skill level 5 in Conjurations
  8399 | D:4      | Killed Sigmund
  8399 | D:4      | Reached skill level 8 in Earth Magic
  8399 | D:4      | Reached XP level 10. HP: 43/58 MP: 7/18
  8502 | D:4      | Killed Dowan
  8503 | D:4      | Noticed Duvessa
  8509 | D:4      | Killed Duvessa
  9144 | D:7      | Found a staircase to the Ecumenical Temple.
  9220 | Temple   | Entered the Ecumenical Temple
  9482 | Temple   | Became a worshipper of Vehumet
  9584 | D:7      | Found a shattered altar of Ashenzari.
  9802 | D:7      | Reached skill level 1 in Shields
  9951 | D:7      | Noticed Joseph
 10056 | D:7      | Reached skill level 5 in Armour
 10138 | D:7      | Found a shattered altar of Ashenzari.
 10341 | D:7      | Killed Joseph
 10341 | D:7      | Reached skill level 5 in Fighting
 10755 | D:8      | Found a hide-covered altar of Uskayaw.
 11089 | D:8      | Reached * piety under Vehumet
 11089 | D:8      | Offered knowledge of Shock by Vehumet.
 11732 | D:8      | Reached skill level 5 in Maces & Flails
 11812 | D:8      | Found a stormy altar of Qazlal.
 12549 | D:9      | Noticed a two-headed ogre
 12559 | D:9      | Killed a two-headed ogre
 12559 | D:9      | Reached XP level 11. HP: 64/64 MP: 3/20
 12654 | D:9      | Noticed a purple ugly thing
 13198 | D:8      | Found a bloodstained altar of Trog.
 13259 | D:8      | Found an iron altar of Okawaru.
 13554 | D:9      | Noticed Pikel
 13668 | D:8      | Killed Pikel
 14119 | D:9      | Killed a purple ugly thing
 14119 | D:9      | Reached skill level 5 in Dodging
 14119 | D:9      | Reached skill level 9 in Earth Magic
 14232 | D:10     | Entered Level 10 of the Dungeon
 14311 | D:10     | Noticed Sonja
 14317 | D:10     | Killed Sonja
 14317 | D:10     | Offered knowledge of Flame Tongue by Vehumet.
 14320 | D:10     | Learned a level 1 spell: Flame Tongue
 14370 | D:10     | Reached ** piety under Vehumet
 14807 | D:10     | Reached skill level 1 in Fire Magic
 15240 | D:10     | Found a staircase to the Lair.
 15251 | D:10     | Found a staircase to the Orcish Mines.
 15419 | D:10     | Noticed Erolcha
 15497 | D:10     | Killed Erolcha
 15497 | D:10     | Offered knowledge of Throw Frost by Vehumet.
 15612 | D:10     | Reached XP level 12. HP: 71/71 MP: 17/22
 16271 | Lair:1   | Entered Level 1 of the Lair of Beasts
 16688 | Lair:1   | Reached *** piety under Vehumet
 17155 | Lair:1   | Reached skill level 5 in Shields
 17286 | Lair:1   | Noticed an eight-headed hydra
 17315 | Lair:1   | Slain by an eight-headed hydra

Levels and vault maps discovered:
D:1:      dpeg_arrival_tiny_h, layout_basic
D:2:      layout_loops_ring, grunt_dithmenos_smoke, first_ration,
          minmay_heptomino_l4, uniq_crazy_yiuf_cottage
D:3:      layout_basic, old_standard_altar, lemuel_crystal_altar
D:4:      layout_loops_ring, portal_sewer_entry_a, minmay_misc_feat_iff,
          uniq_duvessa, uniq_sigmund
D:5:      layout_basic, lemuel_zombie_altar_kikubaaqudgha, uniq_edmund
D:6:      layout_rooms, tso_oasis_becter, chequers_serial_rivers_small_b,
          nzn_random_ring
D:7:      layout_rooms, kennysheep_mini, minmay_temple_entry_antechambers,
          grunt_livestock, ashenzari_altar_1, uniq_joseph
D:8:      layout_basic, lemuel_crystal_altar, grunt_temple_overflow_bloody_war,
          lemuel_coloured_pillars_altar, roderic_batcave
D:9:      layout_cave_pods, uniq_pikel
D:10:     layout_loops_ring, minmay_lair_entry_grove, orc_0_dummy, uniq_erolcha,
          uniq_sonja
Temple:   hc_temple_tempest_star
Lair:1:   layout_layer_cave, gauntlet_entry_generic, st_stairs_8,
          dpeg_stationary_puzzle, minmay_lair_oklob_chamber, grunt_megastairs_2,
          infiniplex_staircase_pool, uniq_gastronok

Skill      XL: |  1  2  3  4  5  6  7  8  9 10 11 12 |
---------------+-------------------------------------+-----
Earth Magic    | 4 5 6 7 8 9 |  9.8
Spellcasting   | 3 4 5 6 7 |  7.3
Conjurations   | 1 2 3 4 5 6 7 |  7.6
Dodging        | 2 3 4 5 |  5.8
Fighting       | 2 3 4 5 6 7 |  7.0
Maces & Flails | 1 3 4 5 6 |  6.4
Armour         | 2 3 4 5 6 7 |  7.0
Evocations     | 2 3 4 |  4.4
Shields        | 2 4 5 |  5.0
Fire Magic     | 2 |  2.9
Stealth        | |  2.3
Transmutations | |  0.7

Action                   |  1- 3 |  4- 6 |  7- 9 | 10-12 || total
-------------------------+-------+-------+-------+-------++-------
Melee: Club              |       |    11 |       |       ||    11
       Mace              |       |    92 |   157 |    80 ||   329
       Flail             |       |       |       |    59 ||    59
 Fire: Hunting sling     |       |       |       |     2 ||     2
 Cast: Sandblast         |    43 |    52 |    81 |    95 ||   271
       Stone Arrow       |       |     2 |    51 |   189 ||   242
       Lee's Rapid Decon |       |       |       |    18 ||    18
  Use: Scroll            |       |       |     6 |    10 ||    16
       Potion            |       |       |     7 |     2 ||     9
 Stab: Sleeping          |       |     2 |     1 |       ||     3
  Eat: Chunk             |     2 |     4 |     7 |    12 ||    25
       Ration            |       |     1 |     4 |     6 ||    11
Armor: Robe              |     8 |    47 |   104 |    20 ||   179
       Scale mail        |       |       |       |   196 ||   196
Dodge: Dodged            |     5 |    86 |   171 |   215 ||   477

Table legend:
 A = Non-vault XP
 B = Vault XP
 C = Vault XP percentage of total XP
 D = Non-vault monster count
 E = Vault monster count
 F = Vault count percentage of total count
                 A         B        C        D         E       F
            +---------+---------+-------+---------+---------+-------
      Total |   15309 |    7832 |  33.8 |     247 |      80 |  24.5
            +---------+---------+-------+---------+---------+-------
        D:1 |      28 |       0 |   0.0 |      12 |       0 |   0.0
        D:2 |     178 |       6 |   3.3 |      40 |       3 |   7.0
        D:3 |      63 |       0 |   0.0 |      23 |       0 |   0.0
        D:4 |     353 |     425 |  54.6 |      26 |       6 |  18.8
        D:5 |     541 |     176 |  24.5 |      21 |       5 |  19.2
        D:6 |    2166 |     746 |  25.6 |      23 |      10 |  30.3
        D:7 |     846 |    1209 |  58.8 |      15 |       5 |  25.0
        D:8 |    1589 |     827 |  34.2 |      26 |      12 |  31.6
        D:9 |    2880 |     401 |  12.2 |      15 |       2 |  11.8
       D:10 |    3605 |    3339 |  48.1 |      32 |      12 |  27.3
     Lair:1 |    3060 |     372 |  10.8 |      14 |       1 |   6.7
      Sewer |       0 |     331 | 100.0 |       0 |      24 | 100.0
            +---------+---------+-------+---------+---------+-------
